 Dungeon Crawl Stone Soup version 0.27-a0-1123-g2f9bb313c0 (webtiles) character file.

Game seed: 13183045922929910457

130 Zeld the Chucker (level 5, -4/36 HPs)
             Began as an Octopode Fighter on May 3, 2021.
             Slain by an orc
             ... wielding a +0 vorpal flail
              (9 damage)
             ... on level 2 of the Dungeon.
             The game lasted 00:02:06 (1823 turns).

Zeld the Chucker (Octopode Fighter)                 Turns: 1823, Time: 00:02:08

Health: -4/36      AC:  1    Str: 17    XL:     5   Next: 13%
Magic:  5/5        EV: 11    Int: 10    God:
Gold:   82         SH:  8    Dex: 11    Spells: 4/4 levels left

rFire    . . .     SeeInvis .   a - +0 war axe
rCold    . . .     Faith    .   b - +0 kite shield
rNeg     . . .     Spirit   .   (helmet restricted)
rPois    .         Reflect  .   (no amulet)
rElec    .         Harm     .   (no ring)
rCorr    .         Rampage  .   (no ring)
Will     .....                  (no ring)
Stlth    ++........             (no ring)
HPRegen  0.12/turn              (no ring)
MPRegen  0.09/turn              (no ring)
                                (no ring)
                                (no ring)

@: no status effects
A: almost no armour, amphibious, 8 rings, camouflage 1, gelatinous body 1,
(nimble swimmer 1), tentacles
a: no special abilities


You were on level 2 of the Dungeon.
You visited 1 branch of the dungeon, and saw 3 of its levels.

You collected 82 gold pieces.

Inventory:

Hand Weapons
 a - a +0 war axe (weapon)
Missiles
 d - 43 poisoned darts (quivered)
Armour
 b - a +0 kite shield (worn)
Scrolls
 h - a scroll of amnesia {unknown}
Potions
 c - a potion of might
 e - a potion of brilliance {unknown}
 f - a potion of lignification {unknown}
 g - a potion of heal wounds {unknown}
 i - a potion of berserk rage {unknown}


   Skills:
 - Level 3.0 Fighting
 - Level 2.0 Axes
 * Level 4.6 Throwing
 - Level 3.0 Dodging
 - Level 3.0 Shields


You had 4 spell levels left.
You didn't know any spells.
Your spell library contained the following spells:

 Spells                   Type           Power      Damage    Failure   Level
 Summon Small Mammal      Summ           0%         N/A       87%         1
 Call Imp                 Summ           0%         N/A       95%         2
 Call Canine Familiar     Summ           0%         N/A       99%         3
 Summon Guardian Golem    Hex/Summ       0%         N/A       99%         3
 Summon Ice Beast         Ice/Summ       0%         N/A       100%        4
 Summon Lightning Spire   Summ/Air       0%         N/A       100%        4


Dungeon Overview and Level Annotations

Branches:
Dungeon (3/15)

Altars:

Shops:
D:2 [


Innate Abilities, Weirdness & Mutations

You cannot wear most types of armour.
You are amphibious.
You can wear up to eight rings at the same time.
Your skin changes colour to match your surroundings (Stealth+).
Your rubbery body absorbs attacks. (AC +1, EV +1)
((You are camouflaged near water. (Stealth+)))
You have tentacles for arms and can constrict up to eight enemies at once.


Message History

Throw: 47 darts (poison)
Press: ? - help, Q - select action Shift-Dir - straight line, f - orc
Aim: an orc, wielding a +0 vorpal flail and wearing a +0 chain mail (lightly wounded, 65% to hit)
You throw a poisoned dart. The poisoned dart hits the orc.
The orc is poisoned.
The orc is lightly wounded.
The orc looks more healthy.
Throw: 46 darts (poison)
Press: ? - help, Q - select action Shift-Dir - straight line, f/p - orc
Aim: an orc, wielding a +0 vorpal flail and wearing a +0 chain mail (moderately wounded, 67% to hit)
You throw a poisoned dart. The poisoned dart hits the orc.
The orc is moderately wounded.
Throw: 45 darts (poison)
Press: ? - help, Q - select action Shift-Dir - straight line, f/p - orc
Aim: an orc, wielding a +0 vorpal flail and wearing a +0 chain mail (moderately wounded, 67% to hit)
You throw a poisoned dart. The poisoned dart hits the orc.
The orc is poisoned.
The orc is moderately wounded.
Throw: 44 darts (poison)
Press: ? - help, Q - select action Shift-Dir - straight line, f/p - orc
Aim: an orc, wielding a +0 vorpal flail and wearing a +0 chain mail (moderately wounded, poisoned, 67% to hit)
You throw a poisoned dart.
The poisoned dart closely misses the orc.
The orc looks more healthy.
You aren't carrying any items that you can evoke.
Unknown command.
Okay, then.
You hit the orc but do no damage. Your grab misses the orc.
Your squeeze misses the orc.
The orc is moderately wounded.
The orc closely misses you.
You barely miss the orc. You grab the orc.
You squeeze the orc, but do no damage.
The orc is moderately wounded.
You constrict the orc. The orc closely misses you. x2
You hit the orc but do no damage. You squeeze the orc, but do no damage.
The orc is almost dead.
You constrict the orc, but do no damage.
The orc hits you with a +0 vorpal flail.
* * * LOW HITPOINT WARNING * * *
x2 The orc hits you with a +0 vorpal flail!
You die...

.............#.#..##.#
............#....###.#
..8........#.#..## #.#
.....)....#.##..# #.#
...8.....#.###.## #.#
........#.## #.# #.#
..8....#.## #.## ##.#
..#...#.######..###..#
######.#.......o@##.##
..#...#.######.#....#
.......#.## #.#..###
........#.## #.#...#
.........#.###.#...#########
..........#.##.#.#.........#
##.#.......#.#.#.#.........#
#.#.#.......#....#.........#
#####........##..#.........#


You could see an orc.

Vanquished Creatures
  A necrophage (D:2)
  A worm (D:2)
  2 dart slugs (D:1)
  2 ball pythons (D:1)
  7 endoplasms
  2 giant cockroaches
  A hobgoblin (D:1)
  A jackal (D:2)
  4 quokkas
  4 bats
  4 frilled lizards
  5 kobolds
  3 rats (D:1)
37 creatures vanquished.

Notes
Turn   | Place    | Note
-------+----------+-------------------------------------------
     0 | D:1      | Zeld the Octopode Fighter began the quest for the Orb.
     0 | D:1      | Reached XP level 1. HP: 16/16 MP: 1/1
    39 | D:1      | Reached skill level 1 in Throwing
    46 | D:1      | Reached XP level 2. HP: 16/21 MP: 2/2
   178 | D:1      | Reached skill level 2 in Throwing
   576 | D:1      | Reached XP level 3. HP: 26/26 MP: 3/3
  1264 | D:2      | Found Vyaz's Armour Emporium.
  1350 | D:2      | Reached skill level 3 in Throwing
  1429 | D:2      | Noticed a necrophage
  1432 | D:2      | Found a faded altar of an unknown god.
  1435 | D:2      | Killed a necrophage
  1436 | D:2      | Reached skill level 4 in Throwing
  1436 | D:2      | Reached XP level 4. HP: 14/31 MP: 4/4
  1436 | D:2      | Reached XP level 5. HP: 16/36 MP: 5/5
  1823 | D:2      | Slain by an orc

Illustrated notes

Levels and vault maps discovered:
D:1:      giann_horns, layout_basic
D:2:      wad_pebble_path, layout_rooms, serial_shops, nicolae_shop_waterfront,
          ebering_ecumenical_altar_mist
D:3:      layout_loops_cross, marbit_many_paths, amcnicky_altar_gilded,
          uniq_robin, uniq_crazy_yiuf_cottage, uniq_grinder

Skill      XL: |  1  2  3 |
---------------+----------+-----
Throwing       | 1 2 4 |  4.6
Fighting       | |  3.0
Axes           | |  2.0
Dodging        | |  3.0
Shields        | |  3.0

Action                   |  1- 3 |  4- 6 || total
-------------------------+-------+-------++-------
Melee: War axe           |    64 |     9 ||    73
       Constrict         |    13 |     2 ||    15
       Tentacles         |    13 |     3 ||    16
Throw: Dart              |       |     4 ||     4
 Stab: Sleeping          |     9 |     2 ||    11
Armor: Skin              |     6 |       ||     6
Dodge: Dodged            |    35 |     5 ||    40
Block: Kite shield       |    38 |     8 ||    46

Table legend: (Time is in decaauts)
 A = Elapsed time spent in this place.
 B = Non-inter-level travel time spent in this place.
 C = Inter-level travel time spent in this place.
 D = Time resting spent in this place.
 E = Time spent auto-exploring this place.
 F = Levels seen in this place.
 G = Mean time per level.
                   A        B        C        D        E       F      G
               +--------+--------+--------+--------+--------+-----+--------+
         Total |   1869 |   1842 |     27 |     22 |   1466 |   3 |  623.0 |
       Dungeon |   1869 |   1842 |     27 |     22 |   1466 |   3 |  623.0 |
               +--------+--------+--------+--------+--------+-----+--------+

Top non-repeatable levels by time:
     D:1: 982 daAuts
     D:2: 802 daAuts
     D:3: 84 daAuts
